[Event "Titled Tuesday Blitz April 26 Early 2022"]
[White "Simonovic, Miroslav"]
[Black "Legenia, Artem"]
[WhiteFideId "919152"]
[BlackFideId "14136945"]
[WhiteElo "2043"]
[BlackElo "1936"]
[Result "1-0"]
[Round "10"]
[TimeControl "180+1"]
[Date "2022.04.26"]
[WhiteClock "0:00:05"]
[BlackClock "0:00:11"]

1. d4 f5 2. Bg5 g6 3. h4 h6 4. Bf4 Bg7 5. f3 Nf6 6. c4 d6 7. Nc3 Nbd7 8. d5 a5 9. Qd2 Nc5 10. e3 e5 11. dxe6 Bxe6 12. Nd5 O-O 13. Ne2 Bxd5 14. cxd5 a4 15. Nd4 a3 16. b3 Nxd5 17. Bc4 c6 18. Bxd5+ cxd5 19. Rd1 Re8 20. Kf2 Qf6 21. Nb5 Qb2 22. Kg3 Be5 23. Qxd5+ Kg7 24. Nxd6 Bxf4+ 25. exf4 Re2 26. Qxc5 Rxg2+ 27. Kh3 Qe2 28. Rdf1 Rh2+ 29. Rxh2 Qxf1+ 30. Kg3 Qe1+ 31. Kh3 Qf1+ 32. Kg3 Qe1+ 33. Qf2 Qe6 34. Nc4 Rd8 35. Qe2 Qf6 36. Qe5 Rc8 37. Qxf6+ Kxf6 38. Re2 b5 39. Ne5 Rc3 40. Rd2 Rc1 41. Nd3 Rg1+ 42. Kf2 Rb1 43. Kg2 Ke6 44. Rc2 Kd5 45. Nb4+ Kd4 46. Kf2 Rb2 47. Ke2 Rxc2+ 48. Nxc2+ Kc3 49. Nxa3 b4 50. Nc4 Kc2 51. Nd2 Kb2 52. Kd3 Kxa2 53. Kc4 Ka3 54. Nf1 Kb2 55. Ng3 Kc2 56. h5 gxh5 57. Nxh5 Kd2 58. Ng7 Ke3 59. Nxf5+ Kxf4 60. Nxh6 Kxf3 61. Kxb4 1-0


[Site "https://www.chess.com"]

[Event "Titled Tuesday Blitz April 26 Early 2022"]
[White "Sirosh, Ilja"]
[Black "Todorovic, Bojan"]
[WhiteFideId "4500458"]
[BlackFideId "917087"]
[WhiteElo "2241"]
[BlackElo "2266"]
[Result "1/2-1/2"]
[Round "10"]
[TimeControl "180+1"]
[Date "2022.04.26"]
[WhiteClock "0:00:19"]
[BlackClock "0:00:04"]

1. e4 e5 2. Nf3 Nc6 3. Bc4 Bc5 4. c3 Nf6 5. d4 exd4 6. cxd4 Bb4+ 7. Nc3 Nxe4 8. O-O Bxc3 9. d5 Bf6 10. Re1 Ne7 11. Rxe4 d6 12. Bg5 Bxg5 13. Nxg5 O-O 14. Nxh7 Kxh7 15. Qh5+ Kg8 16. Rh4 f6 17. Qh7+ Kf7 18. Bd3 Rg8 19. Re1 Bd7 20. Qh5+ g6 21. Qf3 Nf5 22. Rh7+ Rg7 23. Rxg7+ Kxg7 24. g4 Nh6 25. Qe4 f5 26. Qe7+ Nf7 27. gxf5 Bxf5 28. Bxf5 gxf5 29. Kg2 Qxe7 30. Rxe7 Rc8 31. f4 Kf6 32. Re6+ Kg7 33. h4 c6 34. Re7 cxd5 35. Rxb7 Rc2+ 36. Kf3 Kf6 37. h5 Nh6 38. Rxa7 Rxb2 39. Rd7 Ke6 40. Rh7 Ng4 41. h6 Rxa2 42. Rh8 Rh2 43. h7 Kd7 44. Ra8 Rh3+ 45. Kg2 Rh2+ 46. Kg3 Rxh7 47. Ra7+ Kc6 48. Rxh7 d4 49. Kf3 Kd5 50. Re7 d3 51. Rf7 Kd4 52. Rxf5 Nh2+ 53. Kf2 Ke4 54. Rf8 Ng4+ 55. Ke1 Ke3 56. Re8+ Kxf4 57. Kd2 Ne5 58. Rh8 Ke4 59. Rh4+ Kd5 60. Rh5 Kc5 61. Rh4 Kd5 62. Rh5 Kc5 63. Rh4 Kd5 1/2-1/2


[Site "https://www.chess.com"]

[Event "Titled Tuesday Blitz April 26 Early 2022"]
[White "Stevens, Christian"]
[Black "Bilych, Olexiy"]
[WhiteFideId "2604450"]
[BlackFideId "14156504"]
[WhiteElo "2540"]
[BlackElo "2176"]
[Result "1-0"]
[Round "10"]
[TimeControl "180+1"]
[Date "2022.04.26"]
[WhiteClock "0:00:03"]
[BlackClock "0:00:01"]

1. Nf3 d5 2. e3 Nf6 3. c4 e6 4. Nc3 Be7 5. d4 O-O 6. Bd3 b6 7. O-O Bb7 8. Qe2 Nbd7 9. Rd1 c5 10. b3 Re8 11. Bb2 Bd6 12. cxd5 exd5 13. Ba6 Qc8 14. Bxb7 Qxb7 15. dxc5 bxc5 16. Qb5 Nb6 17. Na4 Qd7 18. Qxd7 Nfxd7 19. Nxb6 Nxb6 20. Rac1 Rac8 21. g3 Red8 22. Kg2 f6 23. Rc2 Kf7 24. Rdc1 a5 25. Ba3 c4 26. Bb2 a4 27. bxc4 dxc4 28. Bd4 Bc5 29. Rb1 Rd6 30. Rb5 Bxd4 31. Nxd4 c3 32. Ra5 Kg6 33. Ra7 Rc5 34. g4 h5 35. h3 hxg4 36. hxg4 Nd7 37. Nf5 Rd1 38. Rxa4 Ne5 39. f3 1-0


[Site "https://www.chess.com"]

[Event "Titled Tuesday Blitz April 26 Early 2022"]
[White "Stribuk, Artiom"]
[Black "Abdusattorov, Nodirbek"]
[WhiteFideId "13515659"]
[BlackFideId "14204118"]
[WhiteElo "2259"]
[BlackElo "2663"]
[Result "1-0"]
[Round "10"]
[TimeControl "180+1"]
[Date "2022.04.26"]
[WhiteClock "0:00:37"]
[BlackClock "0:00:33"]

1. d4 Nf6 2. c4 g6 3. g3 Bg7 4. Bg2 O-O 5. Nf3 d6 6. O-O Nbd7 7. Nc3 e5 8. e4 exd4 9. Nxd4 Re8 10. h3 Nc5 11. Re1 h6 12. b4 Ne6 13. Be3 a5 14. b5 Nc5 15. Qc2 Bd7 16. Rad1 Qc8 17. Kh2 Re5 18. Nf3 Rh5 19. Nh4 Re5 20. f4 Rh5 21. e5 dxe5 22. Bxc5 exf4 23. Bf2 g5 24. Nd5 Nxd5 25. Rxd5 Be6 26. Nf5 Bf8 27. g4 Bxd5 28. Bxd5 c6 29. Ne7+ 1-0


[Site "https://www.chess.com"]

[Event "Titled Tuesday Blitz April 26 Early 2022"]
[White "Subelj, Jan"]
[Black "Ning, Kaiyu"]
[WhiteFideId "14618583"]
[BlackFideId "8614750"]
[WhiteElo "2306"]
[BlackElo "2013"]
[Result "1-0"]
[Round "10"]
[TimeControl "180+1"]
[Date "2022.04.26"]
[WhiteClock "0:01:44"]
[BlackClock "0:01:13"]

1. d4 Nf6 2. Nf3 d5 3. Bf4 c5 4. e3 Nc6 5. c3 Qb6 6. Qb3 c4 7. Qc2 Bf5 8. Qc1 h6 9. h3 e6 10. Nbd2 Be7 11. b3 cxb3 12. axb3 Rc8 13. Qb2 O-O 14. Be2 Ne4 15. Nxe4 Bxe4 16. O-O Bxf3 17. Bxf3 Na5 18. Rfb1 Rc6 19. e4 Rd8 20. Bd2 Rcc8 21. exd5 exd5 22. c4 Nc6 23. Bxd5 Nxd4 24. Ba5 Qf6 25. Bxd8 Rxd8 26. Rxa7 b6 27. Rxe7 Qxe7 28. Qxd4 b5 29. Rd1 b4 30. Bxf7+ 1-0


[Site "https://www.chess.com"]

[Event "Titled Tuesday Blitz April 26 Early 2022"]
[White "Tanenbaum, Zachary"]
[Black "Reprintsev, Alexander"]
[WhiteFideId "2060850"]
[BlackFideId "14100541"]
[WhiteElo "2712"]
[BlackElo "2538"]
[Result "1-0"]
[Round "10"]
[TimeControl "180+1"]
[Date "2022.04.26"]
[WhiteClock "0:00:04"]
[BlackClock "0:00:01"]

1. e4 d5 2. exd5 Qxd5 3. Nc3 Qa5 4. d4 Nf6 5. Nf3 Nc6 6. Bb5 Ne4 7. Bxc6+ bxc6 8. Qd3 Nxc3 9. bxc3 Bf5 10. Qe3 e6 11. O-O Bd6 12. c4 c5 13. d5 O-O 14. Bb2 Rab8 15. Bc3 Qa4 16. Ne5 Bxe5 17. Qxe5 f6 18. Qxc7 Rfc8 19. Qg3 Kh8 20. d6 Qxc4 21. d7 Rd8 22. Ba5 e5 23. Bxd8 Rxd8 24. Rfd1 h6 25. Qb3 Qa6 26. Rab1 Rxd7 27. Rxd7 Bxd7 28. Qd3 Qc8 29. Rd1 Be8 30. Qd8 Qc6 31. Qe7 Kh7 32. Rd8 Qe4 33. h3 Bc6 34. f3 Qe3+ 35. Kh2 Qf4+ 36. Kg1 Qg5 37. Qxc5 Bxf3 38. Qf2 Be4 39. Rd2 f5 40. c4 Qe7 41. c5 Qc7 42. Qe3 Qc6 43. Rd6 Qb5 44. Qc1 Qe2 45. Qf1 Qe3+ 46. Qf2 Qc1+ 47. Kh2 f4 48. Rd2 Qc3 49. Re2 Bg6 50. c6 Qxc6 51. Rxe5 Qf6 52. Re1 Bh5 53. Rf1 f3 54. g4 Qf4+ 55. Qg3 Qxg3+ 56. Kxg3 Bf7 57. a3 Bd5 58. Rd1 1-0


[Site "https://www.chess.com"]

[Event "Titled Tuesday Blitz April 26 Early 2022"]
[White "Tasev, Dejan"]
[Black "Kamsky, Gata"]
[WhiteFideId "936618"]
[BlackFideId "2000024"]
[WhiteElo "2253"]
[BlackElo "2645"]
[Result "0-1"]
[Round "10"]
[TimeControl "180+1"]
[Date "2022.04.26"]
[WhiteClock "0:00:36"]
[BlackClock "0:00:41"]

1. e4 e5 2. Nf3 Nc6 3. Bc4 Nf6 4. d3 h6 5. Nc3 d6 6. h3 g6 7. Be3 Bg7 8. Qd2 Na5 9. Bb3 Nxb3 10. axb3 a6 11. g4 h5 12. g5 Nd7 13. O-O-O c5 14. Nd5 Nb6 15. Nxb6 Qxb6 16. Ng1 a5 17. Qc3 O-O 18. Ne2 Be6 19. Kd2 Rfc8 20. Ke1 d5 21. exd5 Bxd5 22. Rg1 a4 23. bxa4 Rxa4 24. b3 Rh4 25. Rg3 Qe6 26. Ng1 e4 27. Qd2 Be5 28. dxe4 Bxe4 29. Qd7 Bxc2 30. Qxe6 fxe6 31. Rd7 Bxg3 32. fxg3 Re4 33. Kd2 Bxb3 34. Rxb7 Bd5 35. Re7 c4 36. Bf4 c3+ 37. Kc2 Rb4 38. Be5 Be4+ 39. Kd1 c2+ 0-1


[Site "https://www.chess.com"]

[Event "Titled Tuesday Blitz April 26 Early 2022"]
[White "Terzi, Alexei"]
[Black "Winkels, Marcel"]
[WhiteFideId "13505076"]
[BlackFideId "1003887"]
[WhiteElo "2031"]
[BlackElo "1900"]
[Result "1-0"]
[Round "10"]
[TimeControl "180+1"]
[Date "2022.04.26"]
[WhiteClock "0:00:26"]
[BlackClock "0:00:02"]

1. e4 c5 2. Nf3 d6 3. d4 cxd4 4. Nxd4 Nf6 5. Nc3 a6 6. Nb3 e6 7. g4 Be7 8. g5 Nfd7 9. Rg1 b5 10. Qh5 g6 11. Qe2 Bb7 12. Bd2 Nc6 13. O-O-O Qc7 14. Kb1 O-O-O 15. f4 Kb8 16. Be3 Nb6 17. Qf2 Nd7 18. a3 Rc8 19. Bxb5 Nc5 20. Nxc5 dxc5 21. Bxc6 Qxc6 22. Rd2 Rhd8 23. Rgd1 Ka8 24. e5 Rxd2 25. Rxd2 Qh1+ 26. Rd1 Qg2 27. Qxg2 Bxg2 28. Rd7 Bd8 29. Rxf7 Ba5 30. Na4 Rd8 31. Bxc5 Rd1+ 32. Ka2 Bd5+ 33. b3 Rd2 34. Kb2 Rxh2 35. Ra7+ Kb8 36. Rxa6 Bc7 37. Nc3 Bb7 38. Rxe6 Rh4 39. Re8+ Bc8 40. e6 Kb7 41. e7 Bd7 42. Rd8 Kc6 43. b4 Rxf4 44. b5+ Kxc5 45. Rxd7 Be5 46. Rd5+ 1-0


[Site "https://www.chess.com"]

[Event "Titled Tuesday Blitz April 26 Early 2022"]
[White "Urbina Perez, Juan Antonio"]
[Black "Melikhov, Evgeny V."]
[WhiteFideId "2217368"]
[BlackFideId "4122046"]
[WhiteElo "2192"]
[BlackElo "1931"]
[Result "0-1"]
[Round "10"]
[TimeControl "180+1"]
[Date "2022.04.26"]
[WhiteClock "0:02:33"]
[BlackClock "0:02:13"]

1. e4 e5 2. Nf3 Nc6 3. Bb5 a6 4. Ba4 Nf6 5. d3 b5 6. Bb3 Be7 7. O-O d6 8. Nc3 O-O 9. Nd5 Be6 10. c3 Qd7 11. Nxe7+ Qxe7 12. Bc2 h6 13. h3 Qd7 14. Re1 Ne7 15. d4 Ng6 16. d5 Bxh3 17. gxh3 Qxh3 18. Nh2 Nh4 0-1


[Site "https://www.chess.com"]

[Event "Titled Tuesday Blitz April 26 Early 2022"]
[White "Vakhlamov, Igor L."]
[Black "Sarana, Alexey"]
[WhiteFideId "24126748"]
[BlackFideId "24133795"]
[WhiteElo "2401"]
[BlackElo "2666"]
[Result "1/2-1/2"]
[Round "10"]
[TimeControl "180+1"]
[Date "2022.04.26"]
[WhiteClock "0:00:11"]
[BlackClock "0:00:05"]

1. e4 c5 2. Nf3 d6 3. Nc3 Nf6 4. d4 cxd4 5. Qxd4 Nc6 6. Bb5 Bd7 7. Bxc6 Bxc6 8. Bg5 e6 9. O-O-O Be7 10. Rhe1 O-O 11. e5 dxe5 12. Nxe5 Qxd4 13. Rxd4 Rfc8 14. Nxc6 Rxc6 15. Ne4 Rac8 16. Re2 Kf8 17. Nxf6 gxf6 18. Bh6+ Ke8 19. Rg4 Bd6 20. Rg7 Rc5 21. Rd2 Ke7 22. Rxh7 Rg8 23. g3 Rc4 24. Be3 b6 25. Rd4 Rxd4 26. Bxd4 e5 27. Be3 f5 28. Kd1 f4 29. gxf4 exf4 30. Bd4 f3 31. Kd2 Ke6 32. Rh6+ Kd5 33. Kd3 Rg5 34. c4+ Kc6 35. Rf6 Rh5 36. b4 Kd7 37. Rxf7+ Ke6 38. Rf6+ Ke7 39. Rxf3 Bxb4 40. h3 Bd6 41. Bc3 Rh4 42. Bd2 Ke6 43. Re3+ Kd7 44. Rf3 Rh5 45. Be3 Ra5 46. h4 Rxa2 47. h5 Ra5 48. Rh3 Be5 49. Ke4 Ke6 50. h6 Kf7 51. Rh5 Bh8 52. Rxa5 bxa5 53. Bxa7 a4 54. Bc5 Bb2 55. Kd5 Kg6 56. Bf8 a3 57. Bxa3 Bxa3 58. c5 Bc1 59. Ke5 Bb2+ 60. Ke6 Bc1 61. Ke5 Bb2+ 62. Ke4 Ba3 63. c6 Bd6 64. Kd5 Bh2 65. Ke4 Bb8 66. Kd5 Kxh6 67. Ke6 Kg5 68. Kd7 Bh2 69. Kc8 Kg4 70. Kd7 Kf3 71. c7 Bxc7 72. Kxc7 Kxf2 1/2-1/2


[Site "https://www.chess.com"]

[Event "Titled Tuesday Blitz April 26 Early 2022"]
[White "Van den Dikkenberg, Erik"]
[Black "Ajay Krishna, S"]
[WhiteFideId "1005880"]
[BlackFideId "5096430"]
[WhiteElo "2118"]
[BlackElo "2247"]
[Result "0-1"]
[Round "10"]
[TimeControl "180+1"]
[Date "2022.04.26"]
[WhiteClock "0:00:08"]
[BlackClock "0:00:12"]

1. e4 c5 2. Nc3 Nc6 3. f4 g6 4. Nf3 Bg7 5. Bb5 Nd4 6. O-O e6 7. d3 Ne7 8. Kh1 O-O 9. Nxd4 cxd4 10. Ne2 Qa5 11. Bc4 d5 12. Bb3 dxe4 13. dxe4 Qb6 14. a4 Bd7 15. a5 Qc5 16. Bd2 Bc6 17. Ng3 Rfd8 18. Qe1 Qd6 19. Bb4 Qc7 20. Bxe7 Qxe7 21. f5 d3 22. fxe6 fxe6 23. cxd3 Rxd3 24. Bc2 Rd7 25. Bb3 Rad8 26. Rd1 Rxd1 27. Bxd1 Bxb2 28. Bb3 Be5 29. Qe3 a6 30. Re1 Kg7 31. Qb6 Rd2 32. Qe3 Rd7 33. Ne2 Rd6 34. Ng3 Qh4 35. Rf1 Bxg3 36. Qxg3 Qxg3 37. hxg3 Bxe4 38. Rc1 Bc6 39. Rf1 h5 40. Kh2 e5 41. Kh3 e4 42. g4 Rd3+ 0-1


[Site "https://www.chess.com"]

[Event "Titled Tuesday Blitz April 26 Early 2022"]
[White "Vasquez Schroeder, Rodrigo"]
[Black "Karolczuk, Iwo"]
[WhiteFideId "3400042"]
[BlackFideId "21816972"]
[WhiteElo "2561"]
[BlackElo "2277"]
[Result "1-0"]
[Round "10"]
[TimeControl "180+1"]
[Date "2022.04.26"]
[WhiteClock "0:01:36"]
[BlackClock "0:00:07"]

1. e4 c5 2. Nf3 d6 3. d4 cxd4 4. Nxd4 Nf6 5. Nc3 a6 6. Bg5 Nbd7 7. Bc4 Qb6 8. Bb3 e6 9. Bxf6 Nxf6 10. Qd2 Nd7 11. O-O-O Nc5 12. f4 Bd7 13. g4 Be7 14. g5 O-O-O 15. h4 Kb8 16. f5 Rc8 17. Kb1 Rhd8 18. Rhf1 Rf8 19. Rf3 Ka8 20. Rdf1 Qa5 21. a3 e5 22. Nde2 Nxb3 23. cxb3 Bc6 24. f6 gxf6 25. gxf6 Bd8 26. Qxd6 Bc7 27. Qd2 Rfd8 28. Rd3 Rxd3 29. Qxd3 Rd8 30. Qc4 Rd7 31. Ka2 Qb6 32. Rd1 Bd6 33. Nd5 Qd8 34. Nec3 h5 35. Rg1 Ka7 36. Rg5 Qh8 37. Qe2 Bc5 38. Rxe5 Bd4 39. Rxh5 Qg8 40. Qd2 Bxc3 41. Qe3+ Kb8 42. Qxc3 Bxd5 43. Rxd5 Rxd5 44. exd5 Qg4 45. Qe5+ Kc8 46. Qe8+ 1-0


[Site "https://www.chess.com"]

[Event "Titled Tuesday Blitz April 26 Early 2022"]
[White "Vokhidov, Shamsiddin"]
[Black "Richter, Nils"]
[WhiteFideId "14204223"]
[BlackFideId "12990809"]
[WhiteElo "2611"]
[BlackElo "2243"]
[Result "1/2-1/2"]
[Round "10"]
[TimeControl "180+1"]
[Date "2022.04.26"]
[WhiteClock "0:00:17"]
[BlackClock "0:00:26"]

1. e4 c5 2. Nc3 Nc6 3. Nf3 e5 4. Bc4 d6 5. d3 g6 6. Ng5 Nh6 7. f4 Bg7 8. O-O O-O 9. f5 a6 10. fxg6 hxg6 11. a4 Nd4 12. h3 Ne6 13. Nxe6 Bxe6 14. Bxe6 fxe6 15. Rxf8+ Qxf8 16. Be3 Qe7 17. a5 Rf8 18. Qe2 Nf7 19. Rf1 Nd8 20. Rxf8+ Qxf8 21. Qg4 Qf7 22. Na4 Nc6 23. Bd2 Nd4 24. Nb6 Nxc2 25. Nc4 Bf8 26. Bc3 Nd4 27. Bxd4 exd4 28. Nd2 d5 29. Nf3 dxe4 30. Qxe4 Qf5 31. Ne5 Qxe4 32. dxe4 Kg7 33. Kf2 Bd6 34. Nc4 Bc7 35. e5 Kf7 36. Kf3 Ke7 37. Kf4 Kd7 38. h4 Kc6 39. g4 Kd5 40. b3 d3 41. h5 gxh5 42. gxh5 d2 43. Nxd2 Bxe5+ 44. Ke3 Bg7 45. Kd3 Bh6 46. Ne4 e5 47. Nc3+ Ke6 48. Ke4 Bd2 49. Na4 Bxa5 50. Nxc5+ Kf6 51. Nxb7 Bc3 52. Nc5 Kg5 53. Nxa6 Kxh5 54. Nc5 Kg6 55. Nd7 Kf7 56. Kd5 Ke7 57. Nxe5 Kd8 58. Nc6+ Kc7 59. Kc5 Be1 60. Ne5 Kb7 61. Kb5 Bg3 62. Nc4 Be1 63. Kc5 Kc7 64. Kd5 Kb7 65. Ne3 Kb6 66. Nc2 Bd2 67. Kd4 Kb5 68. Kd3 Bb4 69. Nd4+ Kc5 70. Nc2 Kb5 71. Nxb4 Kxb4 72. Kc2 Kb5 73. Kc3 Kc5 74. Kd3 Kb4 75. Kc2 Kb5 76. Kc3 Kc5 77. b4+ Kb5 78. Kb3 Kb6 79. Kc4 Kc6 80. b5+ Kb6 81. Kb4 Kb7 82. Kc5 Kc7 83. b6+ Kb7 84. Kb5 Kb8 85. Kc6 Kc8 86. b7+ Kb8 87. Kb6 1/2-1/2


[Site "https://www.chess.com"]

[Event "Titled Tuesday Blitz April 26 Early 2022"]
[White "Xu, Yi"]
[Black "Riehle, Marco"]
[WhiteFideId "8605564"]
[BlackFideId "12904392"]
[WhiteElo "2471"]
[BlackElo "2462"]
[Result "1-0"]
[Round "10"]
[TimeControl "180+1"]
[Date "2022.04.26"]
[WhiteClock "0:01:09"]
[BlackClock "0:01:25"]

1. e4 e5 2. Nf3 Nf6 3. d4 Nxe4 4. Bd3 Nc6 5. Nxe5 Nxe5 6. dxe5 Nc5 7. Bc4 d6 8. Qf3 Qe7 9. Be3 Be6 10. Bb5+ Bd7 11. Bxd7+ Nxd7 12. Qxb7 Rb8 13. Qxc7 Qxe5 14. Nc3 Be7 15. O-O Rd8 16. Rae1 O-O 17. Bc1 Qf6 18. Nd5 Qd4 19. Nxe7+ Kh8 20. Nf5 Qd5 21. Nxd6 Nf6 22. Rd1 Rd7 23. Qxd7 Qxd1 24. Nxf7+ 1-0


[Site "https://www.chess.com"]

[Event "Titled Tuesday Blitz April 26 Early 2022"]
[White "Yuan, Qingyu"]
[Black "Le, Tuan Minh"]
[WhiteFideId "8609772"]
[BlackFideId "12401153"]
[WhiteElo "2359"]
[BlackElo "2450"]
[Result "1-0"]
[Round "10"]
[TimeControl "180+1"]
[Date "2022.04.26"]
[WhiteClock "0:00:12"]
[BlackClock "0:00:08"]

1. e4 c5 2. Nf3 Nf6 3. e5 Nd5 4. Nc3 e6 5. Ne4 f5 6. Nc3 Nc6 7. Bb5 Nde7 8. O-O a6 9. Bxc6 Nxc6 10. d4 cxd4 11. Ne2 b5 12. Nexd4 Bb7 13. c3 Be7 14. Nxc6 Bxc6 15. Nd4 Bb7 16. Qh5+ g6 17. Qh6 Bf8 18. Qh3 Bg7 19. Re1 O-O 20. Bh6 Qb6 21. Rad1 Rac8 22. a3 Bxh6 23. Qxh6 a5 24. Rd3 b4 25. axb4 axb4 26. Nf3 Rf7 27. Ng5 Rg7 28. Rh3 bxc3 29. bxc3 Qc6 30. Rg3 f4 31. Rg4 Qxc3 32. Rf1 Qxe5 33. Rh4 Qd5 34. f3 Qd4+ 35. Kh1 Ba6 36. Nxh7 Qf2 37. Rd1 Qe2 38. Nf6+ Kf7 39. Rxd7+ 1-0


[Site "https://www.chess.com"]

[Event "Titled Tuesday Blitz April 26 Early 2022"]
[White "Abarca Gonzalez, Nicolas"]
[Black "Lazavik, Denis"]
[WhiteFideId "3409422"]
[BlackFideId "13515110"]
[WhiteElo "2504"]
[BlackElo "2437"]
[Result "1-0"]
[Round "11"]
[TimeControl "180+1"]
[Date "2022.04.26"]
[WhiteClock "0:00:46"]
[BlackClock "0:00:20"]

1. e4 e5 2. Qh5 Nc6 3. Bc4 g6 4. Qf3 Nf6 5. Ne2 Bg7 6. Nbc3 d6 7. h3 Na5 8. d3 h6 9. g4 a6 10. g5 hxg5 11. Bxg5 c6 12. O-O-O Qe7 13. h4 Bg4 14. Qg2 Bxe2 15. Nxe2 Nxc4 16. dxc4 Qe6 17. b3 O-O-O 18. Nc3 Bh6 19. Kb2 Rd7 20. Na4 Kc7 21. Qf3 Bxg5 22. hxg5 Rxh1 23. Rxh1 Nh5 24. Qc3 Kb8 25. Rd1 Qe7 26. c5 Rd8 27. cxd6 Rxd6 28. Qb4 c5 29. Nxc5 a5 30. Na6+ 1-0


[Site "https://www.chess.com"]

[Event "Titled Tuesday Blitz April 26 Early 2022"]
[White "Ajay Krishna, S"]
[Black "Haukenfrers, Dale"]
[WhiteFideId "5096430"]
[BlackFideId "2603780"]
[WhiteElo "2247"]
[BlackElo "2061"]
[Result "1-0"]
[Round "11"]
[TimeControl "180+1"]
[Date "2022.04.26"]
[WhiteClock "0:02:25"]
[BlackClock "0:02:09"]

1. d4 c6 2. c4 d6 3. Nc3 g6 4. g3 Bg7 5. Bg2 f5 6. Nf3 Nf6 7. O-O O-O 8. Re1 Na6 9. e4 Nxe4 10. Nxe4 fxe4 11. Rxe4 Bf5 12. Re1 Nb4 13. Bg5 Rf7 14. Nh4 Nc2 15. Nxf5 Nxa1 16. Nxg7 Kxg7 17. Qxa1 Qb6 18. b3 Raf8 19. d5+ Kg8 20. Be3 c5 21. Bh3 Rf3 22. Be6+ R8f7 23. Bh6 Rf6 24. Bxf7+ Kxf7 25. Bg5 Qa6 26. Rxe7+ Kxe7 27. Qxf6+ Kd7 28. Qd8# 1-0


[Site "https://www.chess.com"]

[Event "Titled Tuesday Blitz April 26 Early 2022"]
[White "Akrakan"]
[Black "Urbina Perez, Juan Antonio"]
[BlackFideId "2217368"]
[WhiteElo "2092"]
[BlackElo "2192"]
[Result "1-0"]
[Round "11"]
[TimeControl "180+1"]
[Date "2022.04.26"]
[WhiteClock "0:01:22"]
[BlackClock "0:00:41"]

1. e4 c5 2. Nf3 d6 3. c3 Nf6 4. Qc2 Nc6 5. d4 g6 6. d5 Ne5 7. Nxe5 dxe5 8. Be3 b6 9. Be2 Bg7 10. Nd2 O-O 11. O-O e6 12. c4 Ne8 13. a3 f5 14. f3 exd5 15. cxd5 Nd6 16. b4 cxb4 17. axb4 Bb7 18. Rfc1 Rf7 19. Nc4 fxe4 20. fxe4 Rc8 21. Qd3 Nxe4 22. Qxe4 Bxd5 23. Qg4 h5 24. Qxg6 Rfc7 25. Nxe5 Rxc1+ 26. Rxc1 Rxc1+ 27. Bxc1 Qc7 28. Bf4 Qc3 29. Qe8+ Kh7 30. Bd3+ 1-0


[Site "https://www.chess.com"]

[Event "Titled Tuesday Blitz April 26 Early 2022"]
[White "Ambartsumova, Karina"]
[Black "Rustemov, Alexander"]
[WhiteFideId "4166299"]
[BlackFideId "4119002"]
[WhiteElo "2262"]
[BlackElo "2823"]
[Result "0-1"]
[Round "11"]
[TimeControl "180+1"]
[Date "2022.04.26"]
[WhiteClock "0:00:02"]
[BlackClock "0:00:31"]

1. d4 Nf6 2. Nf3 e6 3. c4 d5 4. Nc3 Be7 5. Bf4 O-O 6. Qc2 c5 7. Rd1 Nc6 8. e3 cxd4 9. exd4 b6 10. Be2 Ba6 11. Ne5 Rc8 12. O-O Na5 13. b3 dxc4 14. bxc4 Bxc4 15. Nxc4 Nxc4 16. Qa4 Nb2 17. Qxa7 Nxd1 18. Nxd1 Nd5 19. Bg3 Ra8 20. Qb7 Qc8 21. Qxc8 Rfxc8 22. Ne3 Rxa2 23. Bf3 Nc3 24. h4 b5 25. Re1 Bb4 26. d5 Nxd5 27. Nxd5 exd5 28. Rb1 Ra4 29. Bd1 Bc3 30. Bxa4 bxa4 31. Bd6 Ra8 32. Ba3 d4 33. Kf1 d3 34. Rb7 Re8 35. Rd7 Re1# 0-1


[Site "https://www.chess.com"]

[Event "Titled Tuesday Blitz April 26 Early 2022"]
[White "Andreikin, Dmitry"]
[Black "Yuan, Qingyu"]
[WhiteFideId "4158814"]
[BlackFideId "8609772"]
[WhiteElo "2736"]
[BlackElo "2359"]
[Result "0-1"]
[Round "11"]
[TimeControl "180+1"]
[Date "2022.04.26"]
[WhiteClock "0:00:59"]
[BlackClock "0:00:13"]

1. c4 e6 2. Qc2 d5 3. b3 Nf6 4. a3 a5 5. e3 Be7 6. Nf3 O-O 7. Bb2 b6 8. d4 Nbd7 9. Nc3 Bb7 10. Bd3 Re8 11. O-O h6 12. Rad1 Bf8 13. e4 dxe4 14. Nxe4 Nxe4 15. Bxe4 Bxe4 16. Qxe4 Nf6 17. Qc6 Qd6 18. Ne5 Red8 19. g3 Qxc6 20. Nxc6 Rd6 21. Ne5 Rad8 22. Rd3 Nd7 23. Nf3 e5 24. Re1 Nc5 25. Rdd1 exd4 26. b4 Na4 27. Ba1 axb4 28. axb4 c5 29. b5 g6 30. Ne5 Re8 31. Nd3 Rde6 32. Kf1 Bd6 33. Bb2 Rxe1+ 34. Rxe1 Kf8 35. Bc1 g5 36. h4 f6 37. h5 Nc3 38. Bd2 Rxe1+ 39. Bxe1 Ne4 40. g4 Bc7 41. f3 Nd6 42. Bg3 Nxb5 43. cxb5 Bxg3 44. Nb2 Ke7 45. Ke2 Ke6 46. Kd3 Kd5 47. Nc4 Bc7 48. Nd2 Ke5 49. Ne4 f5 50. Ng3 fxg4 51. fxg4 Kf4 52. Nf5 Kxg4 53. Nxh6+ Kxh5 54. Ng8 g4 55. Nf6+ Kg5 56. Ne8 Be5 57. Ke4 g3 58. Kxe5 g2 0-1


[Site "https://www.chess.com"]

[Event "Titled Tuesday Blitz April 26 Early 2022"]
[White "Andrews, Todd"]
[Black "Koellner, Ruben Gideon"]
[WhiteFideId "2012456"]
[BlackFideId "12993093"]
[WhiteElo "2371"]
[BlackElo "2589"]
[Result "0-1"]
[Round "11"]
[TimeControl "180+1"]
[Date "2022.04.26"]
[WhiteClock "0:00:01"]
[BlackClock "0:00:19"]

1. e4 d6 2. d4 Nf6 3. Nc3 e5 4. Nf3 Nbd7 5. Bc4 Be7 6. O-O c6 7. a4 h6 8. Ba2 Qc7 9. h3 Nf8 10. Re1 g5 11. Nh2 Ng6 12. Ng4 Bxg4 13. hxg4 Qc8 14. f3 h5 15. Bxg5 hxg4 16. Bxf6 Bxf6 17. fxg4 exd4 18. Qf3 Qd8 19. g5 Ne5 20. Qf5 dxc3 21. gxf6 cxb2 22. Rad1 Rh6 23. Rf1 Qd7 24. Qxd7+ Kxd7 25. Rf5 Kc7 26. Rb1 Rg8 27. Rxb2 Rgg6 28. c3 Rxf6 29. Rbf2 Rxf5 30. Rxf5 Rh7 31. a5 b6 32. axb6+ axb6 33. Kf2 Kd7 34. Ke3 Ke7 35. Kf4 Rg7 36. Rg5 Rxg5 37. Kxg5 b5 38. Kf5 c5 39. g4 b4 40. cxb4 cxb4 41. g5 Nd3 42. Bc4 Nc5 43. Ba2 b3 44. Bb1 Nd7 45. g6 fxg6+ 46. Kxg6 Ke6 47. Kg5 Ke5 48. Kg4 Kd4 49. Kf4 Ne5 50. Kf5 Nc4 51. Ke6 Nd2 52. Kxd6 Nxb1 53. e5 Nc3 54. e6 Ne4+ 55. Kc6 b2 56. e7 Nf6 57. Kd6 b1=Q 58. Ke6 Qg6 0-1


[Site "https://www.chess.com"]

[Event "Titled Tuesday Blitz April 26 Early 2022"]
[White "Aradhya, Garg"]
[Black "Myshakov, Fyodor"]
[WhiteFideId "25006746"]
[BlackFideId "14111284"]
[WhiteElo "2169"]
[BlackElo "2310"]
[Result "1-0"]
[Round "11"]
[TimeControl "180+1"]
[Date "2022.04.26"]
[WhiteClock "0:01:44"]
[BlackClock "0:02:26"]

1. d4 d5 2. c4 dxc4 3. e4 Nf6 4. e5 Nd5 5. Bxc4 Nb6 6. Bd3 g6 7. h4 h5 8. Ne2 Bg7 9. Nbc3 O-O 10. Be3 c6 11. Nf4 Na6 12. Qb3 e6 13. O-O-O Nc7 14. g4 hxg4 15. h5 g5 16. h6 gxf4 17. hxg7 fxe3 18. gxf8=Q+ Qxf8 19. Ne4 Qg7 20. Nf6+ Kf8 21. Qb4+ 1-0


[Site "https://www.chess.com"]

[Event "Titled Tuesday Blitz April 26 Early 2022"]
[White "Avazkhonov, Alikhon"]
[Black "Fernandez Siles, Luis"]
[WhiteFideId "14208504"]
[BlackFideId "2209420"]
[WhiteElo "1739"]
[BlackElo "2212"]
[Result "1-0"]
[Round "11"]
[TimeControl "180+1"]
[Date "2022.04.26"]
[WhiteClock "0:00:22"]
[BlackClock "0:00:17"]

1. e4 c5 2. Nc3 Nc6 3. g3 g6 4. Bg2 Bg7 5. d3 d6 6. Nh3 h5 7. O-O h4 8. g4 Nf6 9. f3 Nd4 10. Be3 Rb8 11. Qd2 b5 12. Nd5 e6 13. Nxf6+ Bxf6 14. c3 Nc6 15. d4 cxd4 16. cxd4 d5 17. e5 Be7 18. Rac1 Bd7 19. f4 Qb6 20. f5 gxf5 21. gxf5 Rg8 22. f6 Bb4 23. Qf2 Kd8 24. a3 Bf8 25. Kh1 Na5 26. Qxh4 Nc4 27. Bf2 Nd2 28. Qh7 Rxg2 29. Kxg2 Be8 30. Rfd1 Ne4 31. Qg8 Bh6 32. Rc2 b4 33. Qh7 b3 34. Re2 Bg5 35. Rxe4 dxe4 36. Nxg5 Qc6 37. Qxe4 Qc4 38. d5 Qxe4+ 39. Nxe4 exd5 40. Rxd5+ Kc8 41. Nd6+ Kc7 42. Bxa7 Ra8 43. Nxe8+ Rxe8 44. Bd4 Rg8+ 45. Kf2 Rg4 46. Bc3 Rh4 47. Kg3 Re4 48. Rc5+ Kb6 49. Rc8 Kb5 50. Rb8+ Ka4 51. Rb4+ Rxb4 52. Bxb4 1-0


[Site "https://www.chess.com"]